 Dungeon Crawl Stone Soup version 0.30.1-11-g7821555f0a (webtiles) character file.

Game seed: 3063384116413587114

4635 Kallu the Grappler (level 10, -5/147 HPs)
             Began as a Troll Gladiator on Jan 15, 2024.
             Was a Follower of Uskayaw.
             Killed by divine providence
             ... invoked by an orc priest
              (9 damage)
             ... on level 9 of the Dungeon.
             The game lasted 00:10:59 (6922 turns).

Kallu the Grappler (Troll Gladiator)                Turns: 6922, Time: 00:11:00

Health: -5/147     AC: 25    Str: 25 (26) XL:     10   Next: 20%
Magic:  6/11       EV:  1    Int:  1 (4)  God:    Uskayaw [*.....]
Gold:   521        SH:  0    Dex: 11 (13) Spells: 9/9 levels left

rFire   . .          .
                       - Unarmed
rCold   . . .        (no shield)
rNeg    . . .        a - melded +0 robe
rPois   +            b - melded +0 hat
rElec   .            y - melded +0 cloak {Will+}
rCorr   .            (gloves unavailable)
SInv    .            (boots unavailable)
Will    .....        (no amulet)
Stlth   +            (no ring)
HPRegen 1.24/turn    (no ring)
MPRegen 0.12/turn

%: no passive effects
@: tree-form
A: stationary, stasis, torment immunity, boosted hp, large, unfitting armour,
(claws 3), regeneration 1, (shaggy fur 1), (tough skin 1)
a: Renounce Religion, Stomp


You were on level 9 of the Dungeon.
You worshipped Uskayaw.
Uskayaw was noncommittal.
You were a tree.
You visited 2 branches of the dungeon, and saw 10 of its levels.
You also visited: Ossuary.

You collected 521 gold pieces.

Inventory:

Missiles
 c - 3 throwing nets (quivered)
 d - a large rock
 o - 6 javelins
 D - 8 poisoned darts
Armour
 a - a +0 robe (melded)
 b - a +0 hat (melded)
 y - a +0 cloak of willpower (melded)
Jewellery
 C - a ring of fire
Wands
 z - a wand of iceblast (9)
 A - a wand of acid (7)
 F - a wand of charming (10)
 G - a wand of flame (5)
Scrolls
 e - 5 scrolls of amnesia
 f - a scroll of fear {unknown}
 h - a scroll of torment
 k - 2 scrolls of vulnerability {unknown}
 l - 2 scrolls of poison
 p - 4 scrolls of magic mapping
 q - 3 scrolls of enchant weapon
 r - 2 scrolls of teleportation {unknown}
 s - 4 scrolls of noise
 t - 2 scrolls of fog {unknown}
 v - 2 scrolls of blinking
 x - 2 scrolls of enchant armour
 B - a scroll of immolation {unknown}
 I - a scroll of silence {unknown}
 J - a scroll of identify
Potions
 g - 3 potions of lignification
 i - 2 potions of flight {unknown}
 j - a potion of ambrosia {unknown}
 m - 5 potions of curing
 n - 2 potions of degeneration
 u - a potion of magic {unknown}
 w - 3 potions of cancellation {unknown}
 E - 3 potions of brilliance {unknown}
 H - a potion of haste


   Skills:
 - Level 6.0 Fighting
 - Level 1.7 Throwing
 + Level 5.7 Dodging
 - Level 11.4 Unarmed Combat
 * Level 3.6 Invocations


You had 9 spell levels left.
You didn't know any spells.
Your spell library contained the following spells:

 Spells                   Type           Power      Damage    Failure   Level
 Freeze                   Ice            0%         1d3       56%         1
 Magic Dart               Conj           0%         1d3       56%         1
 Blink                    Tloc           0%         N/A       71%         2
 Searing Ray              Conj           0%         2d4       71%         2
 Frozen Ramparts          Ice            0%         1d1       91%         3
 Hailstorm                Conj/Ice       0%         3d3       91%         3
 Fulminant Prism          Conj/Hex       0%         3d5       100%        4
 Ice Form                 Ice/Tmut       0%         N/A       100%        4
 Manifold Assault         Tloc           0%         N/A       100%        4
 Summon Ice Beast         Ice/Summ       0%         N/A       100%        4
 Storm Form               Tmut/Air       0%         N/A       100%        7


Dungeon Overview and Level Annotations

Branches:
Dungeon (9/15)             Temple (1/1) D:7         Ossuary (visited)
   Lair: D:8-11         Orc: D:9-12

Altars:
Ashenzari
Cheibriados
Dithmenos
Elyvilon
Fedhas
Gozag
Hepliaklqana
Kikubaaqudgha
Makhleb
Nemelex Xobeh
Okawaru
Qazlal
Ru
Sif Muna
Trog
Uskayaw
Wu Jian
Xom
Yredelemnul
Zin
The Shining One


Innate Abilities, Weirdness & Mutations

You are a tree.
Your roots penetrate the ground, keeping you stationary.
You cannot be teleported.
You are immune to unholy pain and torment.
Your maximum health is greatly increased.
Your equipment is partially melded.
You are too large for most types of armour.
((You have claws for hands.))
Your natural rate of healing is unusually fast.
((You are covered in fur. (AC +1)))
((You have tough skin. (AC +1)))


Message History

You scratch the orc priest.
The orc priest is moderately wounded.
The orc hits you with a +0 whip.
* * * LOW HITPOINT WARNING * * *
The orc hits you but does no damage.
You are poisoned.
The orc priest invokes the aid of Beogh against you.
You easily resist.
The orc warrior hits you with a +0 war axe!
* * * LOW HITPOINT WARNING * * *
The orc hits you with a +0 hand axe.
* * * LOW HITPOINT WARNING * * *
The orc completely misses you. The orc misses you.
Unknown command.
It was a potion of lignification.
You turn into a tree.
Your +0 cloak of willpower melds into your body.
Your +0 hat melds into your body.
Your +0 robe melds into your body.
You feel less strong-willed.
Your roots penetrate the ground.
You feel very sick. The orc hits you but does no damage. x2
The orc priest hits you but does no damage.
The orc warrior hits you with a +0 war axe.
* * * LOW HITPOINT WARNING * * *
The orc hits you but does no damage. x3
Unknown command.
Unknown command.
You feel better. The orc hits you but does no damage.
The orc barely misses you.
The orc priest casts a cantrip, but nothing happens.
The orc warrior hits you with a +0 war axe.
* * * LOW HITPOINT WARNING * * *
The orc hits you but does no damage. The orc barely misses you.
The orc hits you but does no damage.
It was a potion of degeneration.
There was something very wrong with that liquid.
You feel weakened.
You feel dopey.
You feel clumsy. The orc hits you but does no damage. x2
The orc priest calls down the wrath of Beogh upon you.
Beogh smites you!
You die...

...[..###.............)†.........
.......#.........................
.............................#...
............................###..
...........................## #.
..............(...........##
...........................
................oo..........
...............o♣o{....<.....
.......#.......ooo...........
..###...#!..o..........##
##..###......... ##. #.........
##........ ##.#...#. #.#.#.


You could see an orc warrior, an orc priest and 6 orcs.

Vanquished Creatures
  Joseph (D:7)
  Sigmund (D:2)
  A wyvern (D:9)
  A steam dragon (D:8)
  Menkaure (D:7)
  A water moccasin (D:7)
  2 orc warriors
  A sky beast (D:7)
  2 black bears
  2 ice beasts
  2 ogres (D:5)
  3 centaurs
  2 phantoms
  A kobold brigand (D:6)
  4 elf zombies (Ossuary)
  3 bullfrogs
  4 scorpions
  3 wights (D:8)
  2 centaur zombies (Ossuary)
  6 human zombies (Ossuary)
  2 hounds
  7 orc priests
  A jelly (D:5)
  2 gnoll boudas (D:8)
  6 iguanas
  A sleepcap (D:5)
  15 orc wizards
  3 mummies (Ossuary)
  Robin (D:2)
  8 gnolls
  7 adders
  A shadow imp (D:6)
  A white imp (D:7)
  An ufetubus (D:6)
  2 worms (D:2)
  A dart slug (D:2)
  35 orcs
  9 ball pythons
  6 endoplasms
  3 giant cockroaches
  25 goblins
  11 hobgoblins
  5 jackals
  2 quokkas (D:4)
  7 bats
  4 frilled lizards
  17 kobolds
  4 rats
  A spectral hobgoblin (D:5)
231 creatures vanquished.

Notes
Turn   | Place    | Note
-------+----------+-------------------------------------------
     0 | D:1      | Kallu the Troll Gladiator began the quest for the Orb.
     0 | D:1      | Reached XP level 1. HP: 19/19 MP: 0/0
    96 | D:1      | Reached XP level 2. HP: 27/27 MP: 1/1
   252 | D:1      | Reached skill level 4 in Unarmed Combat
   382 | D:1      | Reached XP level 3. HP: 33/33 MP: 2/2
   879 | D:2      | Noticed Robin
   971 | D:2      | Killed Robin
  1041 | D:2      | Reached XP level 4. HP: 41/41 MP: 3/3
  1083 | D:2      | Reached skill level 5 in Unarmed Combat
  1503 | D:2      | Noticed Sigmund
  1512 | D:2      | Killed Sigmund
  1513 | D:2      | Reached skill level 6 in Unarmed Combat
  1513 | D:2      | Reached XP level 5. HP: 42/48 MP: 4/4
  2057 | D:3      | Reached XP level 6. HP: 55/55 MP: 5/5
  2170 | D:3      | Reached skill level 7 in Unarmed Combat
  2589 | D:4      | Found a glowing silver altar of Zin.
  2666 | D:4      | Found a basalt altar of Yredelemnul.
  2726 | D:4      | Found an iron altar of Okawaru.
  2871 | D:4      | Reached skill level 8 in Unarmed Combat
  2893 | D:4      | Reached XP level 7. HP: 55/62 MP: 6/6
  3001 | D:4      | Found a sand-covered staircase.
  3010 | Ossuary  | Entered an ossuary
  3090 | Ossuary  | Reached skill level 9 in Unarmed Combat
  3190 | Ossuary  | Reached XP level 8. HP: 64/70 MP: 7/7
  3200 | Ossuary  | Reached skill level 10 in Unarmed Combat
  3474 | D:5      | Entered Level 5 of the Dungeon
  3930 | D:5      | Reached skill level 11 in Unarmed Combat
  3987 | D:5      | Found a hazy altar of Hepliaklqana.
  4680 | D:6      | Reached XP level 9. HP: 47/84 MP: 8/8
  4779 | D:6      | Found a blossoming altar of Fedhas.
  5275 | D:7      | Reached skill level 5 in Fighting
  5416 | D:7      | Noticed Joseph
  5425 | D:7      | Killed Joseph
  5563 | D:7      | Found a staircase to the Ecumenical Temple.
  5587 | Temple   | Entered the Ecumenical Temple
  5661 | Temple   | Became a worshipper of Uskayaw the Reveller
  5703 | D:7      | Noticed Menkaure
  5708 | D:7      | Killed Menkaure
  5708 | D:7      | Reached * piety under Uskayaw
  5742 | D:7      | Reached ** piety under Uskayaw
  5747 | D:7      | Reached *** piety under Uskayaw
  5748 | D:7      | Found an opulent altar of Gozag.
  5834 | D:7      | Reached skill level 5 in Dodging
  6143 | D:8      | Reached skill level 1 in Invocations
  6226 | D:8      | Found a stormy altar of Qazlal.
  6306 | D:8      | Reached XP level 10. HP: 17/98 MP: 10/10
  6619 | D:9      | Reached **** piety under Uskayaw
  6621 | D:9      | Reached ***** piety under Uskayaw
  6832 | D:9      | Found a white marble altar of Elyvilon.
  6920 | D:9      | HP: 6/147 [poisoned by an orc]
  6920 | D:9      | HP: 1/147 [orc warrior/+0 war axe (5)]
  6922 | D:9      | Killed from afar by an orc priest

Illustrated notes

Levels and vault maps discovered:
D:1:      sevenhm_arrival_forest_fort_large_4, layout_basic,
          minmay_splitting_lines, minmay_hedge_maze, minmay_tripent
D:2:      layout_basic, serial_bayou, serial_bayou_ford_a, serial_bayou_shore_a,
          serial_bayou_lake_a, serial_bayou_pond_e, serial_bayou_pond_c,
          uniq_sigmund, uniq_robin
D:3:      layout_basic
D:4:      layout_basic, kennysheep_little_box,
          mainiacjoe_overflow_catch_the_wave, nicolae_ossuary_entry_monument,
          minivault_11, minmay_statues_item
D:5:      layout_rooms, nicolae_hepliaklqana_monster_ancestors,
          nrook_mini_backslash, chequers_big_river, kennysheep_generic_room_13
D:6:      layout_basic, fedhas_bush_and_centaur_altar
D:7:      layout_basic, lemuel_tele_altar, minmay_temple_entry_tees,
          nicolae_sextant, uniq_joseph, uniq_menkaure
D:8:      layout_cave_pools, grunt_qazlal_clouds, nicolae_grassy_gnolls
D:9:      layout_big_octagon, mainiacjoe_overflow_brackets, hiddenorc1_lemuel,
          uniq_erica
Temple:   dshaligram_water_room_temple

Skill      XL: |  1  2  3  4  5  6  7  8  9 10 |
---------------+-------------------------------+-----
Unarmed Combat | 4 6 8 9 11 | 11.4
Fighting       | 3 6 |  6.0
Dodging        | 5 |  5.7
Invocations    | 2 3 |  3.6
Throwing       | |  1.7

Action                     |  1- 3 |  4- 6 |  7- 9 | 10-12 || total
---------------------------+-------+-------+-------+-------++-------
  Melee: Unarmed           |    98 |   140 |   355 |    51 ||   644
         Punch             |     2 |     2 |    24 |     4 ||    32
 Invoke: Stomp             |       |       |       |     2 ||     2
         Line Pass         |       |       |       |     2 ||     2
    Use: Potion            |     1 |       |       |     4 ||     5
         Scroll            |       |       |     8 |       ||     8
   Stab: Paralysed         |       |       |       |     3 ||     3
         Confused          |       |       |       |     1 ||     1
 Armour: Robe              |    51 |    27 |    96 |    20 ||   194
         Skin              |       |       |       |    11 ||    11
  Dodge: Dodged            |    63 |    64 |   138 |    51 ||   316
